 Dungeon Crawl Stone Soup version 0.22-a0-247-gbddf880 (webtiles) character file.

54 matakusis the Grave Robber (level 3, -2/24 HPs)
             Began as a Mummy Necromancer on Feb 25, 2018.
             Slain by an adder (6 damage)
             ... on level 2 of the Dungeon.
             The game lasted 00:09:46 (1265 turns).

matakusis the Grave Robber (Mummy Necromancer)      Turns: 1265, Time: 00:09:46

Health: -2/24      AC:  2    Str: 11    XL:     3   Next: 66%
Magic:  0/8        EV: 12    Int: 15    God:
Gold:   34         SH:  0    Dex: 12    Spells: 7/9 levels left

rFire    x . .     SeeInvis .   (no weapon)
rCold    + . .     Gourm    .   (no shield)
rNeg     + + +     Faith    .   a - +0 robe
rPois    ∞         Spirit   .   (no helmet)
rElec    .         Reflect  .   (no cloak)
rCorr    .         Harm     +   (no gloves)
MR       .....                  (no boots)
Stlth    ++........             c - amulet of harm
HPRegen  0.08/turn              (no ring)
MPRegen  0.11/turn              (no ring)

@: no status effects
A: no food or potions, fire vulnerability, cold resistance 1, negative energy
resistance 3, torment resistance, unbreathing
a: no special abilities


You were on level 2 of the Dungeon.
You were not hungry.

You visited 1 branch of the dungeon, and saw 2 of its levels.

You collected 34 gold pieces.

Inventory:

Armour
 a - a +0 robe (worn)
Jewellery
 c - an amulet of harm (around neck)
Scrolls
 b - a scroll of noise {unknown}
 d - a scroll of identify {unknown}


   Skills:
 - Level 1.5 Dodging
 - Level 1.5 Stealth
 + Level 3.8 Spellcasting
 + Level 4.9 Necromancy


You had 7 spell levels left.
You knew the following spells:

 Your Spells              Type           Power        Failure   Level  Hunger
a - Pain                  Necr           ###.         2%          1    N/A
b - Animate Skeleton      Necr           N/A          2%          1    N/A

Dungeon Overview and Level Annotations

Branches:
Dungeon (2/15)

Altars:


Innate Abilities, Weirdness & Mutations

You do not eat or drink.
Your flesh is vulnerable to fire.
You are immune to poison.
Your flesh is cold resistant. (rC+)
You are immune to negative energy. (rN+++)
You are immune to unholy pain and torment.
You can survive without breathing.


Message History

Press: ? - help, Shift-Dir - straight line, f/p - adder
Aim: an adder (heavily wounded, chance to defeat MR: 82%)
The adder writhes in agony!
The adder closely misses you. x2
The adder closely misses you. The adder bites you. The kobold hits you.
The adder barely misses you. The adder closely misses you. The adder bites you.
* * * LOW HITPOINT WARNING * * *
The adder bites you.
* * * LOW HITPOINT WARNING * * *
Things that are here:
a club x2
The kobold barely misses you.
Casting: Pain (safe; 2% risk of failure)
Confirm with . or Enter, or press ? or * to list all spells.
Aiming: Pain (safe; 2% risk of failure)
Press: ? - help, Shift-Dir - straight line, f/p - adder
Aim: an adder (severely wounded, chance to defeat MR: 82%)
The adder writhes in agony!
The adder barely misses you. The kobold barely misses you. The adder bites you.
You die...

####......##............#
..%'......##!...........#
####......##............#
#......##............#
#......##.)..........#
####......##............#
#.......................#
#..............SSK......#
#...............@.......#
#.......................#
###..#####.##############
#..#...#Z# #..+.⌠.'.#
##.#...#.# #.#####.#
#....(Z.# ####Z##.####


You could see 2 adders and a kobold.

Vanquished Creatures
  An adder (D:2)
  A worm (D:2)
  2 leopard geckos
  A giant cockroach (D:1)
  7 hobgoblins
  3 bats
  4 frilled lizards
  7 goblins
  4 kobolds
  2 rats
32 creatures vanquished.

Vanquished Creatures (collateral kills)
  A bat (D:1)
  A giant cockroach (D:1)
  A goblin (D:1)
  A hobgoblin (D:1)
  2 kobolds (D:1)
  A rat (D:1)
7 creatures vanquished.

Grand Total: 39 creatures vanquished

Notes
Turn   | Place    | Note
-------+----------+-------------------------------------------
     0 | D:1      | matakusis the Mummy Necromancer began the quest for the Orb.
     0 | D:1      | Reached XP level 1. HP: 13/13 MP: 4/4
     4 | D:1      | Learned a level 1 spell: Animate Skeleton
   172 | D:1      | Reached XP level 2. HP: 18/19 MP: 1/5
   580 | D:1      | Reached XP level 3. HP: 21/24 MP: 1/7
  1265 | D:2      | Slain by an adder

Vault maps used:
D:1:      dpeg_arrival_refuge
D:2:      doesnt_xom_only_xom, overflow_temple_1_default, minmay_misc_feat_room

Skill      XL: |  1  2 |
---------------+-------+-----
Spellcasting   | 3 |  3.8
Dodging        | |  1.5
Stealth        | |  1.5
Necromancy     | |  4.9

Action                   || total
-------------------------++-------
Melee: Unarmed           ||    28
 Cast: Pain              ||    60
       Animate Skeleton  ||    19
Armor: Robe              ||     8
Dodge: Dodged            ||    34

Table legend:
 A = Spawn XP
 B = Non-spawn XP
 C = Spawn XP percentage of total XP
 D = Spawn monster count
 E = Non-spawn monster count
 F = Spawn count percentage of total count
 G = Total turns spent on level
                    A         B        C        D         E        F      G
               +---------+---------+-------+---------+---------+-------+---------
         Total |       0 |      78 |   0.0 |       0 |      39 |   0.0 |  1265
               +---------+---------+-------+---------+---------+-------+---------
           D:1 |       0 |      46 |   0.0 |       0 |      28 |   0.0 |   985
           D:2 |       0 |      32 |   0.0 |       0 |      11 |   0.0 |   280
               +---------+---------+-------+---------+---------+-------+---------
